Map: Dusk Towers

Players

xKawaiian - Winner!

  • Race: Terran Terran
  • League: Master

Destiny

  • Race: Zerg Zerg
  • League: Grandmaster

VOD

Have the link to the VOD?

Description

Time

  • Played on: Jan. 13, 2016, 4:11 p.m.
  • Length: 8:59
Show
View Real Time Build Order
Export as new Build Order

xKawaiian Terran - Winner!

Build Orders: Reaper Expand, MMM Bio 

Get SALT Encoding   

  12  0:00  SCV  
  13  0:13  SCV  
  14  0:17  Supply Depot  
  14  0:25  SCV  
  15  0:39  SCV  
  15  0:40  Barracks  
  16  0:45  Refinery  
  16  0:51  SCV  
  17  1:03  SCV  
  18  1:15  SCV  
  19  1:28  Reaper, Orbital Command  
  20  1:39  Command Center  
  20  1:50  Supply Depot  
  20  1:54  SCV  
  21  2:01  Barracks Reactor  
  21  2:06  SCV  
  21  2:07  Barracks  
  22  2:17  Barracks  
  22  2:18  SCV  
  23  2:30  SCV  
  24  2:39  Marine x2  
  24  2:42  SCV  
  27  2:54  SCV  
  27  2:56  Orbital Command  
  27  2:57  Marine x2  
  30  3:03  Barracks Tech Lab  
  30  3:04  Marine  
  31  3:06  SCV  
  31  3:08  Factory  
  31  3:12  Refinery  
  31  3:14  Marine  
  31  3:15  Marine  
  33  3:21  SCV  
  33  3:22  SCV, Marine  
  33  3:26  Stimpack, Marine  
  37  3:32  Marine  
  37  3:33  SCV  
  40  3:34  SCV  
  40  3:38  Supply Depot  
  40  3:40  Marine  
  41  3:42  Marine  
  41  3:44  Marine  
  41  3:45  SCV  
  44  3:50  SCV  
  44  3:52  Starport  
  44  3:53  Factory Reactor  
  44  3:55  Marine  
  46  3:59  Marine  
  46  4:01  Supply Depot  
  47  4:05  SCV  
  47  4:06  SCV  
  47  4:07  Supply Depot  
  47  4:09  Marine  
  50  4:11  Marine  
  52  4:17  SCV  
  52  4:18  SCV  
  52  4:20  Marine  
  52  4:22  Supply Depot  
  52  4:23  Marine  
  55  4:27  Marine  
  55  4:29  SCV  
  55  4:30  SCV  
  58  4:36  Medivac x2  
  62  4:41  SCV  
  62  4:42  SCV  
  62  4:45  Marine x2  
  66  4:50  Command Center  
  66  4:53  SCV  
  66  4:57  Supply Depot, Marine x2  
  66  4:59  SCV  
  70  5:01  Factory Reactor  
  70  5:03  Marine  
  70  5:06  Medivac  
  73  5:12  Marine  
  74  5:16  SCV  
  74  5:17  Refinery  
  74  5:18  Barracks Reactor, Refinery  
  75  5:24  SCV  
  75  5:27  Engineering Bay  
  75  5:28  SCV, Engineering Bay  
  77  5:29  Supply Depot, Marauder  
  79  5:36  SCV  
  79  5:37  Combat Shields  
  79  5:40  SCV  
  79  5:41  Marine x2  
  83  5:49  SCV  
  84  5:53  Barracks  
  84  5:54  Barracks, Marine x2  
  84  5:55  SCV  
  86  6:02  Marine x2  
  88  6:05  SCV  
  88  6:06  Marine  
  87  6:11  Marine  
  87  6:15  Marine  
  87  6:16  Terran Infantry Weapons Level 1, Terran Infantry Armor Level 1  
  87  6:17  Hellion  
  87  6:18  Hellion  
  93  6:20  Medivac, Marine  
  93  6:21  Medivac  
  96  6:26  Orbital Command  
  95  6:35  Marine  
  95  6:38  Marine  
  95  6:39  SCV x2, Hellion, Marine x2  
  87  6:40  Barracks Reactor  
  87  6:41  Barracks Reactor  
  87  6:44  Marine  
  90  6:47  Orbital Command  
  90  6:50  Medivac  
  90  6:51  SCV x2  
  90  6:53  Marine  
  95  6:54  Medivac  
  95  6:56  Marine  
  95  6:57  Marine  
  99  7:03  SCV  
  99  7:07  Armory  
  100  7:12  Marine x2  
  102  7:16  SCV x2  
  102  7:19  Marine x2  
  102  7:21  Marine x3  
  109  7:27  Widow Mine  
  109  7:28  Medivac, Marine  
  112  7:40  Marine  
  112  7:41  Marine  
  112  7:42  Marine x2  
  97  7:51  Marine x2  
  97  7:52  Hellion  
  97  7:53  Medivac  
  97  7:55  Marine x3  
  97  7:56  SCV x2  
  97  7:57  Hellion  
  97  7:58  Marine, Medivac  
  102  8:04  Missile Turret x2, Marine x2  
  103  8:08  Marine  
  103  8:12  Missile Turret  
  100  8:13  Widow Mine  
  100  8:17  Widow Mine, Marine  
  100  8:18  Marine x3  
  109  8:23  Medivac  
  109  8:24  SCV  
  112  8:28  Medivac  
  112  8:30  Marine x2  
  112  8:31  Marine  
  116  8:39  Marine  
Show
View Real Time Build Order
Export as new Build Order

Destiny Zerg 

Build Orders: 3 Hatch before Pool 

Get SALT Encoding   

  12  0:01  Drone  
  13  0:12  Overlord  
  13  0:17  Drone  
  14  0:30  Drone x2  
  16  0:35  Drone  
  17  0:54  Hatchery  
  17  0:56  Drone  
  17  1:16  Hatchery  
  17  1:18  Drone  
  17  1:32  Spawning Pool  
  16  1:34  Drone  
  16  1:39  Drone  
  18  1:42  Drone  
  18  1:45  Drone  
  20  1:54  Extractor  
  20  1:58  Drone  
  20  2:09  Drone x2  
  22  2:19  Zergling x4  
  22  2:20  Queen x2  
  28  2:27  Overlord  
  28  2:34  Drone x2  
  30  2:39  Drone x2  
  30  2:42  Drone  
  33  2:50  Drone x2  
  35  2:51  Drone  
  36  3:09  Drone x2  
  36  3:10  Queen  
  36  3:11  Drone x2  
  42  3:13  Overlord  
  42  3:23  Overlord  
  42  3:27  Metabolic Boost  
  42  3:31  Queen  
  44  3:39  Drone  
  44  3:40  Drone x4, Baneling Nest  
  48  3:46  Drone x2  
  50  3:51  Extractor  
  50  3:52  Extractor  
  50  3:54  Drone x4  
  52  3:56  Extractor  
  52  3:57  Drone  
  52  4:08  Overlord  
  52  4:13  Drone x2  
  52  4:14  Drone  
  55  4:18  Zergling x2  
  55  4:19  Zergling x2  
  57  4:35  Overlord  
  57  4:37  Lair  
  57  4:44  Drone x9  
  66  4:47  Overlord  
  66  4:52  Overlord x2  
  66  5:02  Zergling x2  
  66  5:03  Zergling x8  
  70  5:10  Baneling x6  
  70  5:13  Extractor  
  69  5:15  Drone x3  
  69  5:16  Drone x2  
  74  5:23  Evolution Chamber x2  
  74  5:26  Extractor  
  74  5:28  Overlord x2  
  71  5:29  Overlord  
  71  5:33  Drone  
  72  5:38  Drone  
  72  5:39  Spire  
  72  5:47  Zergling x18  
  72  5:48  Zergling x4  
  76  6:05  Zergling x6  
  76  6:06  Zergling x6  
  71  6:19  Drone x11  
  71  6:25  Zergling x2  
  68  6:40  Drone x5, Queen x2  
  68  6:41  Queen  
  68  6:45  Drone  
  78  6:49  Drone  
  78  6:52  Drone  
  77  6:57  Mutalisk  
  77  7:00  Zerg Flyer Weapons Level 1, Zerg Ground Armor Level 1, Zerg Melee Weapons Level 1  
  76  7:03  Mutalisk  
  76  7:04  Mutalisk x2  
  82  7:10  Extractor  
  82  7:11  Mutalisk  
  82  7:12  Mutalisk  
  82  7:14  Mutalisk  
  87  7:22  Baneling x11  
  87  7:25  Zergling x4  
  87  7:26  Zergling x2  
  90  7:32  Zergling x4  
  90  7:33  Zergling x4  
  89  7:42  Mutalisk x3  
  89  7:43  Zergling x6  
  89  7:44  Zergling x2  
  73  7:54  Mutalisk  
  73  7:55  Zergling x8  
  72  8:02  Mutalisk  
  72  8:03  Zergling x2  
  74  8:07  Drone x2  
  76  8:16  Mutalisk, Zergling x2  
  76  8:17  Zergling x2  
  76  8:18  Drone x2  
  76  8:19  Drone  
  81  8:22  Drone  
  81  8:25  Drone  
  83  8:28  Drone  
  83  8:30  Drone  
Tags
 
Add a new tag
Caveats
  • Supply blocks, unpowered buildings, or Contaminate may cause inaccurate times.
  • Supply counts are checked every 10 seconds.